 Dungeon Crawl Stone Soup version 0.28.0-53-g5a82cb258f (webtiles) character file.

Game seed: 18250086218282232967

5202 slughead422 the Cleaver (level 10, 0/88 HPs)
             Began as a Minotaur Fighter on May 30, 2022.
             Was an Initiate of Ru.
             Slain by an orc knight
             ... wielding a +0 war axe
              (13 damage)
             ... in a bailey.
             The game lasted 00:42:09 (8462 turns).

slughead422 the Cleaver (Minotaur Fighter)          Turns: 8462, Time: 00:42:09

Health: 0/88       AC: 15    Str: 23    XL:     10   Next: 34%
Magic:  0/9        EV:  6    Int:  5    God:    Ru [......]
Gold:   328        SH:  6    Dex: 14    Spells: 9/9 levels left

rFire   . . .      SeeInvis .   i - +10 mace "Spiderbane" {speed, rCorr}
rCold   . . .      Faith    .   c - +0 buckler
rNeg    . . .      Spirit   +   n - +0 plate armour
rPois   .          Reflect  .   (helmet unavailable)
rElec   .          Harm     .   k - +0 cloak
rCorr   +          Rampage  .   (no gloves)
Will    .....                   (no boots)
Stlth   ..........              b - amulet of guardian spirit
HPRegen 0.24/turn               (no ring)
MPRegen 0.11/turn               (no ring)

@: flying
A: horns 3, retaliatory headbutt, agile 1
a: Renounce Religion


You were in a bailey.
You worshipped Ru.
Ru was noncommittal.
You visited 1 branch of the dungeon, and saw 7 of its levels.
You also visited: Sewer and Bailey.

You collected 328 gold pieces.

Inventory:

Hand Weapons
 i - the +10 mace "Spiderbane" (weapon) {speed, rCorr}
   (You found it on level 4 of the Dungeon)

   Attacks with this weapon are significantly faster.
   rCorr:     It protects you from acid and corrosion.
 m - a +0 battleaxe
Armour
 c - a +0 buckler (worn)
 k - a +0 cloak (worn)
 n - a +0 plate armour (worn)
Jewellery
 b - an amulet of guardian spirit (around neck)
Wands
 e - a wand of polymorph (7)
 g - a wand of charming (15) (quivered)
Scrolls
 d - a scroll of identify
 h - 2 scrolls of teleportation
 j - a scroll of fog
Potions
 a - a potion of flight
 l - 2 potions of mutation


   Skills:
 + Level 8.3 Fighting
 * Level 11.0 Axes
 + Level 8.6 Armour
 + Level 8.3 Shields
 + Level 5.4 Evocations


You had 9 spell levels left.
You didn't know any spells.
Your spell library was empty.

Dungeon Overview and Level Annotations

Branches:
Dungeon (7/15)             Temple (0/1) D:6           Sewer (visited)
 Bailey (1/1)

Altars:
Cheibriados
Fedhas
Gozag
Ru
Wu Jian
Zin


Innate Abilities, Weirdness & Mutations

You have a pair of large horns on your head.
You reflexively headbutt those who attack you in melee.
You are agile. (Dex +2)


Message History

An orc knight comes into view. It is wielding a +0 war axe.
The orc knight shouts!
Things that are here:
a +0 war axe; a +0 war axe; a +0 plate armour
There is an open door, spattered with blood here.
You close the door.
An orc knight opens the door.
The orc knight hits you with a +0 war axe!
There is an open door, spattered with blood here.
You hit the orc knight but do no damage.
Your headbutt misses the orc knight.
The orc knight hits you with a +0 war axe!!
You hit the orc knight but do no damage.
You hit the orc knight but do no damage.
The orc knight hits you with a +0 war axe!
You feel much better. You block the orc knight's attack.
You hit the orc knight.
The orc knight is lightly wounded.
The orc knight hits you with a +0 war axe!
You sock the orc knight!
The orc knight is moderately wounded.
You hit the orc knight. Your headbutt misses the orc knight.
The orc knight is moderately wounded.
The orc knight hits you but does no damage.
You barely miss the orc knight.
The orc knight is moderately wounded.
The orc knight hits you with a +0 war axe.
You hit the orc knight but do no damage.
The orc knight is moderately wounded.
The orc knight hits you with a +0 war axe!
You sock the orc knight!
The orc knight is moderately wounded.
You hit the orc knight.
The orc knight is heavily wounded.
The orc knight hits you with a +0 war axe!!
* * * LOW HITPOINT WARNING * * *
You feel very buoyant.
You fly up into the air.
The orc knight hits you with a +0 war axe!
You die...

.# #.≈≈≈≈≈≈# .#
####.≈≈≈≈≈≈# ###
#..#.≈≈≈≈≈≈# ..#
#[[#.≈≈≈≈≈≈# ..#
+[[#.≈≈≈≈≈≈#
..##############.#≈≈≈≈≈#
8.8.8.))....#....#≈≈≈≈≈#
......#)....').[o# ≈≈≈≈#
#############..#@# ≈≈≈≈#
............'..#.# ≈≈≈#
≈≈≈≈≈≈≈≈≈≈≈≈###### ≈≈≈#
≈≈≈≈≈≈≈≈≈≈≈≈≈≈≈≈≈≈≈
≈≈≈≈≈≈≈≈≈≈≈≈≈≈≈≈≈≈≈
≈≈≈≈≈≈≈≈≈≈≈≈≈≈≈≈≈≈≈
≈≈≈≈≈≈≈≈≈≈≈≈≈≈≈≈≈≈≈
≈≈≈≈≈≈≈≈≈≈≈≈≈≈≈≈≈≈≈
≈≈≈≈≈≈≈≈≈≈≈≈≈≈≈≈≈≈≈


You could see an orc knight.

Vanquished Creatures
  An orc high priest (Bailey)
  An orc knight (Bailey)
  Pikel (D:5)
  The ghost of khangoldenlief the Covert, a novice SpEn of Ashenzari (D:6)
  Sigmund (D:6)
  Eustachio (D:5)
  Menkaure (D:5)
  Duvessa (D:5)
  2 water moccasins (D:6)
  7 orc warriors
  2 ice beasts
  A black bear (D:6)
  6 ogres
  A necrophage (D:5)
  The ghost of fingers the Shooter, an amateur MiHu of Jiyva (D:3)
  A centaur (D:6)
  3 lemures (D:5)
  A bullfrog (D:6)
  2 scorpions
  A wyvern zombie (D:6)
  2 water moccasin zombies
  Dowan (D:5)
  2 electric eels (Bailey)
  Crazy Yiuf (D:4)
  2 centaur zombies
  2 jellies
  2 hounds
  2 iguanas
  Ijyb (D:3)
  Natasha (thrice) (D:4)
  2 orc wizards (D:6)
  A hell rat (Sewer)
  A hound zombie (D:5)
  2 gnolls
  A howler monkey skeleton (D:3)
  9 adders
  3 river rats
  3 ufetubi
  An adder skeleton (D:4)
  A worm (D:6)
  4 dart slugs
  14 orcs
  5 bats
  6 endoplasms
  7 giant cockroaches
  8 goblins
  8 hobgoblins
  2 jackals (D:5)
  10 kobolds
  3 quokkas
  9 ball pythons
  2 frilled lizards (D:2)
  10 rats
166 creatures vanquished.

Vanquished Creatures (collateral kills)
  2 orcs (D:5)
2 creatures vanquished.

Vanquished Creatures (others)
  A plant (D:7)
1 creature vanquished.

Grand Total: 169 creatures vanquished

Notes
Turn   | Place    | Note
-------+----------+-------------------------------------------
     0 | D:1      | slughead422 the Minotaur Fighter began the quest for the
                  | Orb.
     0 | D:1      | Reached XP level 1. HP: 19/19 MP: 0/0
   229 | D:1      | Reached XP level 2. HP: 23/27 MP: 1/1
   441 | D:1      | Found a faded altar of an unknown god.
   476 | D:1      | Reached skill level 3 in Axes
   990 | D:2      | Reached XP level 3. HP: 33/33 MP: 2/2
  1466 | D:2      | Reached skill level 1 in Evocations
  1928 | D:3      | Found a blossoming altar of Fedhas.
  1967 | D:3      | Noticed Ijyb
  2001 | D:3      | Killed Ijyb
  2002 | D:3      | Reached XP level 4. HP: 28/40 MP: 3/3
  2036 | D:3      | Found a transporter.
  2071 | D:3      | Noticed fingers's ghost (amateur MiHu)
  2300 | D:3      | Reached skill level 4 in Axes
  2402 | D:3      | Found a transporter.
  2433 | D:3      | Noticed an ogre
  2472 | D:3      | Killed an ogre
  2473 | D:3      | Reached XP level 5. HP: 34/47 MP: 4/4
  2948 | D:4      | Noticed an ogre
  2960 | D:4      | Killed an ogre
  2961 | D:4      | Reached skill level 5 in Axes
  2961 | D:4      | Reached XP level 6. HP: 38/53 MP: 5/5
  3101 | D:4      | Reached skill level 5 in Armour
  3341 | D:4      | Noticed Natasha
  3347 | D:4      | Killed Natasha
  3348 | D:4      | Reached skill level 5 in Fighting
  3366 | D:4      | Reached skill level 5 in Shields
  3375 | D:4      | Noticed Natasha
  3385 | D:4      | Killed Natasha
  3457 | D:4      | Identified the +10 mace "Spiderbane" {speed, rCorr}
  3462 | D:4      | Found a runed translucent door.
  3501 | D:4      | Noticed Natasha
  3506 | D:4      | Killed Natasha
  3507 | D:4      | Reached XP level 7. HP: 59/61 MP: 6/6
  3521 | D:4      | Noticed Crazy Yiuf
  3526 | D:4      | Killed Crazy Yiuf
  3805 | D:4      | Gained mutation: You are agile. (Dex +2) [potion of
                  | mutation]
  3805 | D:4      | Gained mutation: You have a pair of large horns on your
                  | head. [potion of mutation]
  3992 | D:4      | Found a snail-covered altar of Cheibriados.
  4147 | D:5      | Entered Level 5 of the Dungeon
  4261 | D:5      | Noticed Eustachio
  4268 | D:5      | Noticed Menkaure
  4277 | D:5      | Killed Eustachio
  4278 | D:5      | Reached skill level 6 in Axes
  4279 | D:5      | HP: 3/61 [Menkaure (1)]
  4281 | D:5      | Killed Menkaure
  4660 | D:5      | Noticed Duvessa
  4675 | D:5      | Noticed Dowan
  4676 | D:5      | Killed Duvessa
  4677 | D:5      | Reached XP level 8. HP: 20/70 MP: 7/7
  4980 | D:5      | Noticed Pikel
  4998 | D:5      | Killed Pikel
  4999 | D:5      | Reached skill level 7 in Axes
  5171 | D:5      | Reached skill level 8 in Axes
  5583 | D:5      | Killed Dowan
  5718 | D:6      | Reached XP level 9. HP: 51/78 MP: 8/8
  5928 | D:6      | Reached skill level 9 in Axes
  6124 | D:6      | Found an ornate altar of the Wu Jian Council.
  6269 | D:6      | Found a glowing drain.
  6274 | Sewer    | Entered a sewer
  6496 | D:6      | Found a runed translucent gate.
  6497 | D:6      | Found a runed translucent gate.
  6498 | D:6      | Found a runed translucent gate.
  6500 | D:6      | Noticed khangoldenlief's ghost (novice SpEn)
  6511 | D:6      | Killed khangoldenlief's ghost
  6575 | D:6      | Found a sacrificial altar of Ru.
  6591 | D:6      | Became a worshipper of Ru the Awakened
  6851 | D:6      | Found an opulent altar of Gozag.
  6863 | D:6      | Found a staircase to the Ecumenical Temple.
  6967 | D:6      | Noticed Sigmund
  6973 | D:6      | Killed Sigmund
  6974 | D:6      | Reached skill level 10 in Axes
  7325 | D:6      | Found a glowing silver altar of Zin.
  7459 | D:3      | Killed fingers's ghost
  7460 | D:3      | Reached skill level 5 in Evocations
  7623 | D:7      | Found a flagged portal.
  7632 | Bailey   | Entered a bailey
  7691 | Bailey   | Noticed an orc knight
  7708 | Bailey   | Killed an orc knight
  7709 | Bailey   | Reached XP level 10. HP: 29/88 MP: 2/9
  8166 | Bailey   | Noticed an orc high priest
  8182 | Bailey   | Killed an orc high priest
  8393 | Bailey   | Reached skill level 11 in Axes
  8441 | Bailey   | Noticed an orc knight
  8462 | Bailey   | Slain by an orc knight

Illustrated notes

Levels and vault maps discovered:
D:1:      dpeg_arrival_renting, layout_loops_ring,
          hellmonk_ecumenical_altar_leap_of_faith, minivault_26
D:2:      layout_basic, minivault_19, minmay_misc_feat_more_columns,
          minmay_between
D:3:      layout_basic, fedhas_altar_1, gammafunk_ghost_mausoleum, uniq_ijyb
D:4:      layout_basic, kennysheep_slug_shrine, uniq_crazy_yiuf_cottage,
          uniq_natasha
D:5:      layout_loops_ring, corexii_hall_statues_i, uniq_duvessa,
          uniq_menkaure, uniq_eustachio, uniq_pikel
D:6:      layout_loops_ring, mainiacjoe_overflow_six_doors_small,
          lemuel_round_altar, zin_scriptorium, grunt_gozag_statues,
          minmay_temple_entry_drinking_statues, portal_sewer_entry_e,
          ebering_ghost_rock_garden, uniq_sigmund
D:7:      layout_rooms, serial_bayou, serial_bayou_shore_a, serial_bayou_pond_a,
          serial_bayou_pond_a, serial_bayou_crossing, serial_bayou_shore_b,
          serial_bayou_pond_e, enter_bailey_2
Bailey:   bailey_axe_of_yendor_kennysheep, bailey

Skill      XL: |  1  2  3  4  5  6  7  8  9 10 |
---------------+-------------------------------+-----
Axes           | 3 4 5 6 8 10 11 | 11.0
Armour         | 4 5 7 8 |  8.6
Fighting       | 4 5 6 7 8 |  8.3
Shields        | 4 5 6 7 8 |  8.3
Evocations     | 1 2 3 4 5 |  5.4

Action                   |  1- 3 |  4- 6 |  7- 9 | 10-12 || total
-------------------------+-------+-------+-------+-------++-------
Melee: War axe           |    89 |    78 |       |       ||   167
       Headbutt          |    12 |     6 |    34 |     6 ||    58
       Mace              |       |     4 |   277 |    50 ||   331
Evoke: Wand              |       |     1 |     2 |       ||     3
  Use: Scroll            |     5 |     2 |     7 |       ||    14
       Potion            |     2 |     4 |     8 |     3 ||    17
 Stab: Invisible         |       |     2 |       |       ||     2
       Betrayed ally     |       |       |     1 |       ||     1
Armor: Scale mail        |    38 |    40 |       |       ||    78
       Chain mail        |       |    18 |    59 |       ||    77
       Skin              |       |     1 |       |       ||     1
       Plate armour      |       |       |    17 |    13 ||    30
Dodge: Dodged            |    35 |    46 |    48 |     6 ||   135
Block: Buckler           |    10 |    26 |    45 |    11 ||    92
